 Dungeon Crawl Stone Soup version 0.30.0-29-ga12c61a403 (webtiles) character file.

Game seed: 7182230490216173881

2200 00zero00 the Cleaver (level 9, -4/82 HPs)
             Began as a Hill Orc Fighter on June 24, 2023.
             Was an Initiate of Gozag.
             Slain by an orc warrior
             ... wielding a +0 war axe
              (12 damage)
             ... in a bailey.
             The game lasted 00:14:52 (5436 turns).

00zero00 the Cleaver (Hill Orc Fighter)             Turns: 5436, Time: 00:14:53

Health: -4/82      AC: 14    Str: 23    XL:     9   Next: 34%
Magic:  9/9        EV:  6    Int:  5    God:    Gozag
Gold:   763        SH:  5    Dex: 20    Spells: 8/8 levels left

rFire   . . .        B - +8 morningstar of Zomis {freeze, rC+ rCorr Int-3 Dex+4}
rCold   + . .        c - +0 buckler
rNeg    . . .        P - +0 plate armour
rPois   .            q - +0 helmet
rElec   .            (no cloak)
rCorr   +            H - +0 pair of gloves
SInv    .            y - +0 pair of boots
Will    .....        u - amulet of regeneration Stlth
                     j - ring of flight
HPRegen 1.13/turn    x - +6 ring of dexterity
MPRegen 0.11/turn

%: no passive effects
@: mighty, about to teleport, flying
A: no striking features
a: Renounce Religion, Potion Petition, Call Merchant, Bribe Branch


You were in a bailey.
You worshipped Gozag.
Gozag was pleased with you.
You visited 2 branches of the dungeon, and saw 8 of its levels.
You also visited: Bailey.

You collected 820 gold pieces.
You paid 57 gold pieces to Gozag.

Inventory:

Hand Weapons
 B - the +8 morningstar of Zomis (weapon) {freeze, rC+ rCorr Int-3 Dex+4}
   (You found it on level 4 of the Dungeon)

   Int:       It affects your intelligence (-3).
   Dex:       It affects your dexterity (+4).
   rC:        It protects you from cold.
   rCorr:     It protects you from acid and corrosion.
 O - a +0 broad axe
 Q - a +0 broad axe
Missiles
 e - 5 curare-tipped darts
 f - 14 boomerangs
 h - 23 poisoned darts (quivered)
 r - 4 atropa-tipped darts
Armour
 c - a +0 buckler (worn)
 q - a +0 helmet (worn)
 y - a +0 pair of boots (worn)
 H - a +0 pair of gloves (worn)
 N - a +2 scale mail of fire resistance
 P - a +0 plate armour (worn)
Jewellery
 j - a ring of flight (left hand)
 u - an amulet of regeneration (around neck)
 x - a +6 ring of dexterity (right hand)
 A - an amulet of reflection
Wands
 D - a wand of mindburst (20)
 J - a wand of flame (29)
 L - a wand of roots (5)
Scrolls
 i - 4 scrolls of magic mapping
 k - 2 scrolls of enchant weapon
 m - 3 scrolls of teleportation
 o - 3 scrolls of vulnerability
 E - a scroll of summoning
 F - a scroll of immolation
 G - a scroll of blinking {unknown}
 I - a scroll of torment {unknown}
 K - 2 scrolls of poison {unknown}
Potions
 b - a potion of curing {unknown}
 d - 2 potions of might
 g - 3 potions of lignification
 l - a potion of brilliance {unknown}
 n - 2 potions of ambrosia {unknown}
 p - 3 potions of degeneration
 s - 2 potions of haste {unknown}
 t - a potion of berserk rage {unknown}
 v - a potion of mutation {unknown}
 w - a potion of flight {unknown}
 z - a potion of experience {unknown}
 C - a potion of heal wounds {unknown}
 M - a potion of resistance {unknown}


   Skills:
 + Level 8.4 Fighting
 - Level 11.0 Axes
 + Level 5.6 Throwing
 - Level 3.2 Armour
 - Level 3.2 Shields


You had 8 spell levels left.
You didn't know any spells.
Your spell library contained the following spells:

 Spells                   Type           Power      Damage    Failure   Level
 Foxfire                  Conj/Fire      0%         2x1d4     100%        1
 Magic Dart               Conj           0%         1d3       100%        1
 Sting                    Tmut/Pois      0%         1d3       100%        1
 Blink                    Tloc           0%         N/A       100%        2
 Lesser Beckoning         Tloc           0%         N/A       100%        2
 Momentum Strike          Conj/Tloc      0%         3d8       100%        2
 Poisonous Vapours        Pois/Air       0%         N/A       100%        2
 Searing Ray              Conj           0%         2d4       100%        2
 Static Discharge         Conj/Air       0%         2-2/arc   100%        2
 Airstrike                Air            0%         2d(0-16)  100%        4
 Fulminant Prism          Conj/Hex       0%         3d5       100%        4
 Olgreb's Toxic Radiance  Pois           0%         N/A       100%        4
 Summon Lightning Spire   Summ/Air       0%         N/A       100%        4
 Fireball                 Conj/Fire      0%         3d3       100%        5
 Plasma Beam              Fire/Air       0%         2x1d11    100%        6
 Starburst                Conj/Fire      0%         6d3       100%        6


Dungeon Overview and Level Annotations

Branches:
Dungeon (7/15)             Temple (1/1) D:5          Bailey (1/1)

Altars:
Ashenzari
Cheibriados
Dithmenos
Elyvilon
Fedhas
Gozag
Hepliaklqana
Kikubaaqudgha
Makhleb
Nemelex Xobeh
Okawaru
Qazlal
Ru
Sif Muna
Trog
Uskayaw
Vehumet
Wu Jian
Xom
Yredelemnul
Zin
The Shining One

Shops:
D:1 *   D:4 (   D:7 **!

Annotations:
D:7 1 runed translucent door, Crazy Yiuf, Dowan, Duvessa


Message History

The orc warrior hits you with a +0 war axe.
The kobold brigand is distracted by your dazzling golden aura.
Things that are here:
3 gold pieces; a +0 war axe; a +0 plate armour The kobold brigand is no longer distracted by gold.
You miss the orc warrior. The orc warrior closely misses you.
The orc warrior barely misses you.
The kobold brigand hits you with a +0 war axe.
You closely miss the orc warrior.
The kobold brigand hits you with a +0 war axe!
You puncture the orc warrior! You freeze the orc warrior.
The orc warrior is severely wounded.
The orc warrior hits you with a +0 war axe!
You block the orc warrior's attack.
The kobold brigand hits you with a +0 war axe!
You closely miss the orc warrior.
The orc warrior is severely wounded.
The orc warrior hits you with a +0 war axe.
* * * LOW HITPOINT WARNING * * *
The orc warrior hits you with a +0 broad axe.
* * * LOW HITPOINT WARNING * * *
The kobold brigand hits you with a +0 war axe!
* * * LOW HITPOINT WARNING * * *
As you read the scroll of teleportation, it crumbles to dust.
You feel strangely unstable.
The orc warrior hits you but does no damage.
The orc warrior barely misses you.
The kobold brigand hits you with a +0 war axe.
* * * LOW HITPOINT WARNING * * *
The orc warrior barely misses you.
The kobold brigand hits you with a +0 war axe.
* * * LOW HITPOINT WARNING * * *
There is a gate leading back out of this place here.
The kobold brigand hits you but does no damage.
The kobold brigand hits you with a +0 war axe.
* * * LOW HITPOINT WARNING * * *
The orc warrior attacks as you move away!
The orc warrior hits you with a +0 war axe!
You die...
Your body crumbles into a pile of gold.

*,,,...........,*
**,,,........,,**
***,,......,***
****...#*** ###$###
##.$$..## #.oo8...#
#oKK..}∩# ##@....##
####'''####
##~.......~##
#####~~.......~~#####
#....~~.......~~....#
#.###~~.......~~###.#
#....~~..[)...~~....#
#.###~~.......~~###.#
#....~~.......~~....#


You could see 3 orc warriors and 2 kobold brigands.

Vanquished Creatures
  5 orc warriors
  An ogre (D:4)
  2 black bears
  An ice beast (D:6)
  A phantom (D:6)
  2 centaurs
  5 kobold brigands (Bailey)
  3 scorpions
  5 hounds
  3 jellies
  An iguana (D:6)
  3 sleepcaps
  2 orc wizards
  Robin (D:2)
  12 adders
  An ufetubus (D:5)
  4 worms
  2 dart slugs
  8 orcs
  9 ball pythons
  4 bats
  4 endoplasms
  3 giant cockroaches
  18 goblins
  8 hobgoblins
  A jackal (D:2)
  3 quokkas
  11 kobolds
  5 rats
128 creatures vanquished.

Notes
Turn   | Place    | Note
-------+----------+-------------------------------------------
     0 | D:1      | 00zero00 the Hill Orc Fighter began the quest for the Orb.
     0 | D:1      | Reached XP level 1. HP: 19/19 MP: 1/1
    43 | D:1      | Reached skill level 3 in Axes
   133 | D:1      | Found Coenabb's General Store.
   219 | D:1      | Reached XP level 2. HP: 22/26 MP: 2/2
   453 | D:1      | Reached skill level 4 in Axes
   899 | D:2      | Reached XP level 3. HP: 29/31 MP: 3/3
  1010 | D:2      | Noticed Robin
  1043 | D:2      | Killed Robin
  1044 | D:2      | Reached skill level 5 in Axes
  1063 | D:2      | Reached XP level 4. HP: 31/39 MP: 4/4
  1412 | D:2      | Reached skill level 6 in Axes
  1897 | D:3      | Found a faded altar of an unknown god.
  2312 | D:4      | Reached skill level 7 in Axes
  2312 | D:4      | Reached XP level 5. HP: 40/45 MP: 5/5
  2458 | D:4      | Found Molouh's Weapon Shop.
  2522 | D:4      | Found a shadowy altar of Dithmenos.
  2560 | D:4      | Noticed an ogre
  2831 | D:4      | Found a broken altar of Ashenzari.
  2845 | D:4      | Found a burning altar of Makhleb.
  2956 | D:4      | Found a hide-covered altar of Uskayaw.
  2986 | D:4      | Killed an ogre
  2987 | D:4      | Reached skill level 8 in Axes
  2987 | D:4      | Reached XP level 6. HP: 51/51 MP: 6/6
  3029 | D:4      | Found a glowing golden altar of the Shining One.
  3029 | D:4      | Noticed a black bear
  3036 | D:4      | Killed a black bear
  3037 | D:4      | Reached skill level 9 in Axes
  3093 | D:4      | Identified the +8 morningstar of Zomis {freeze, rC+ rCorr
                  | Int-3 Dex+4}
  3409 | D:4      | Reached XP level 7. HP: 49/57 MP: 7/7
  3569 | D:5      | Entered Level 5 of the Dungeon
  3647 | D:5      | Reached skill level 10 in Axes
  3770 | D:5      | Found a staircase to the Ecumenical Temple.
  3781 | Temple   | Entered the Ecumenical Temple
  3828 | Temple   | Became a worshipper of Gozag Ym Sagoz the Greedy
  3967 | D:5      | Reached skill level 11 in Axes
  3973 | D:5      | Reached skill level 1 in Throwing
  4169 | D:6      | Reached XP level 8. HP: 67/67 MP: 8/8
  4338 | D:6      | Reached skill level 5 in Fighting
  4387 | D:6      | Found a hazy altar of Hepliaklqana.
  4388 | D:6      | Found a shimmering blue altar of Sif Muna.
  4389 | D:6      | Found an iron altar of Okawaru.
  4390 | D:6      | Found a basalt altar of Yredelemnul.
  4391 | D:6      | Found a sacrificial altar of Ru.
  4437 | D:6      | Found an ancient bone altar of Kikubaaqudgha.
  4900 | D:7      | Found Juymi's Distillery.
  4966 | D:7      | Found Yffi's Assorted Antiques.
  5032 | D:7      | Found Woexaf's Assorted Antiques.
  5058 | D:7      | Found a runed translucent door.
  5058 | D:7      | Noticed Duvessa
  5059 | D:7      | Noticed Dowan
  5061 | D:7      | Noticed Crazy Yiuf
  5130 | D:7      | Found a flagged portal.
  5160 | Bailey   | Entered a bailey
  5207 | Bailey   | Reached XP level 9. HP: 61/79 MP: 9/9
  5305 | Bailey   | Reached skill level 5 in Throwing
  5436 | Bailey   | Slain by an orc warrior

Illustrated notes

Levels and vault maps discovered:
D:1:      dpeg_arrival_arbitrary_a, layout_loops_cross, serial_shops, shop
D:2:      minmay_evil_eye, layout_loops_ring, uniq_robin
D:3:      layout_rooms, ebering_ecumenical_altar_sacrificial
D:4:      layout_loops_corners, nicolae_overflow_quartered_altars,
          mainiacjoe_overflow_catwalk, serial_shops, nicolae_shop_tiny_glass,
          minivault_1
D:5:      nicolae_cairo_tiling_very_big, layout_rooms, serial_glass,
          glass_columns_a, glass_columns_c, glass_columns_b, glass_columns_b,
          kennysheep_generic_room_5
D:6:      layout_basic, grunt_temple_overflow_open, kiku_gazebo_pond_becter
D:7:      minmay_bubble_buster, layout_rooms, serial_shops,
          nicolae_diamond_shop, nicolae_shop_peninsula, shop, shop_fountains,
          enter_bailey_3, uniq_crazy_yiuf_cottage, uniq_duvessa
Temple:   nicolae_temple_ecumenical_triangle
Bailey:   bailey_axe_3, bailey

Skill      XL: |  1  2  3  4  5  6  7  8  9 |
---------------+----------------------------+-----
Axes           | 3 4 5 7 8 9 11 | 11.0
Fighting       | 4 7 8 |  8.4
Throwing       | 2 4 5 |  5.6
Armour         | |  3.2
Shields        | |  3.2

Action                     |  1- 3 |  4- 6 |  7- 9 || total
---------------------------+-------+-------+-------++-------
  Melee: War axe           |    87 |   112 |       ||   199
         Morningstar       |       |       |   140 ||   140
  Throw: Dart              |       |     7 |     3 ||    10
    Use: Scroll            |       |     6 |     5 ||    11
         Potion            |       |     1 |     2 ||     3
 Armour: Scale mail        |    53 |     1 |       ||    54
         Chain mail        |       |    53 |   111 ||   164
         Plate armour      |       |       |     8 ||     8
  Dodge: Dodged            |    65 |    37 |    72 ||   174
  Block: Buckler           |    35 |    29 |    58 ||   122
